 Dungeon Crawl Stone Soup version 0.20-a0-540-ge6d1839 (webtiles) character file.

807 poirepourri the Thaumaturge (level 7, -8/37 HPs)
             Began as a Deep Elf Conjurer on Jan 30, 2017.
             Mangled by an ice beast (14 damage)
             ... on level 5 of the Dungeon.
             The game lasted 00:09:06 (6687 turns).

poirepourri the Thaumaturge (Deep Elf Conjurer)     Turns: 6687, Time: 00:09:07

Health: -8/37      AC:  4    Str:  8    XL:     7   Next: 60%
Magic:  10/21      EV: 13    Int: 22    God:
Gold:   209        SH:  0    Dex: 15    Spells: 5/24 levels left

rFire    . . .     SeeInvis .   g - +1 short sword (venom)
rCold    . . .     Gourm    .   a - +0 robe
rNeg     + . .     Faith    .   (no shield)
rPois    .         Spirit   .   (no helmet)
rElec    +         Reflect  .   t - +0 cloak
rCorr    .         Harm     .   (no gloves)
MR       .....                  s - +0 pair of boots
Stlth    ++........             (no amulet)
Regen    0.2/turn               e - ring of flight
                                o - ring "Biguma" {*Drain rElec rN+ Str+3}

@: no status effects
A: no striking features
a: Evoke Flight


You were on level 5 of the Dungeon.
You were not hungry.

You visited 1 branch of the dungeon, and saw 5 of its levels.

You collected 231 gold pieces.
You spent 22 gold pieces at shops.

Inventory:

Hand Weapons
 g - a +1 short sword of venom (weapon)
Armour
 a - a +0 robe (worn)
 s - a +0 pair of boots (worn)
 t - a +0 cloak (worn)
Jewellery
 c - an uncursed ring of ice
 e - a ring of flight (right hand)
 o - the ring "Biguma" (left hand) {*Drain rElec rN+ Str+3}
   (You found it on level 4 of the Dungeon)

   [ring of positive energy]

   It affects your strength (+3).
   It insulates you from electricity.
   It protects you from negative energy.
   It causes draining when unequipped.
Scrolls
 h - a scroll of fog
 n - 2 scrolls of remove curse
 p - 2 scrolls of enchant weapon
 q - a scroll of teleportation
Potions
 d - a potion of mutation {unknown}
 f - a potion of resistance
 i - a potion of heal wounds
 j - a potion of beneficial mutation {unknown}
 k - a potion of lignification
 l - a potion of might {unknown}
 r - a potion of ambrosia
Books
 b - a book of Conjurations

   Spells                             Type                      Level
   a - Magic Dart                     Conjuration                  1
   b - Searing Ray                    Conjuration                  2
   c - Dazzling Spray                 Conjuration/Hexes            3
   d - Fulminant Prism                Conjuration/Hexes            4
   e - Iskenderun's Mystic Blast      Conjuration                  4
   f - Iskenderun's Battlesphere      Conjuration/Charms           5
 m - a book of Maledictions

   Spells                             Type                      Level
   a - Corona                         Hexes                        1
   b - Ensorcelled Hibernation        Hexes/Ice                    2
   c - Confuse                        Hexes                        3
   d - Tukima's Dance                 Hexes                        3
   e - Dazzling Spray                 Conjuration/Hexes            3


   Skills:
 + Level 0.4 Fighting
 + Level 3.2 Dodging
 - Level 2.4 Stealth
 * Level 9.0 Spellcasting
 + Level 7.1 Conjurations


You had 5 spell levels left.
You knew the following spells:

 Your Spells              Type           Power        Failure   Level  Hunger
a - Magic Dart            Conj           ####         1%          1    None
b - Searing Ray           Conj           #####.       1%          2    None
c - Dazzling Spray        Conj/Hex       ####..       6%          3    None
d - Fulminant Prism       Conj/Hex       ####......   17%         4    ##.....
e - Iskenderun's Mystic   Conj           #####...     4%          4    ##.....
f - Iskenderun's Battles  Conj/Chrm      ####....     50%         5    #####..


Dungeon Overview and Level Annotations

Branches:
Dungeon (5/15)
 Temple: D:4-7

Altars:
Hepliaklqana
Okawaru
Uskayaw
Vehumet

Shops:
D:4 ?

Annotations:
D:4 exclusion: statue


Message History

Aiming: Searing Ray
Press: ? - help, Shift-Dir - straight line, f/p - ice beast
Aim: an ice beast (moderately wounded)
The searing ray hits the ice beast.
The ice beast is moderately wounded. (Press . to maintain the ray.)
The ice beast closely misses you.
The searing ray hits the ice beast.
The ice beast is heavily wounded.
The ice beast hits you. The ice beast freezes you!
The searing ray hits the ice beast.
The ice beast is severely wounded.
The ice beast hits you. The ice beast freezes you!
* * * LOW HITPOINT WARNING * * *
The searing ray hits the ice beast.
The ice beast is almost dead.
You finish channeling your searing ray.
The ice beast hits you.
* * * LOW HITPOINT WARNING * * *
The ice beast freezes you!
You die...

......# .. ......#
###
...######......#
..#
...............#
..# ..............
..# ...........#
..# #......Y..# ..#
#.....@#.# ..#
#......#.##.# ..#
#.....รท.....# ..#
#......#..........
..#
#......######.....#
.## ######.#####
.....# .#
#......##..... .#
#............#####
.#
#........#........


You could see an ice beast.

Vanquished Creatures
  An ice beast (D:5)
  A sky beast (D:5)
  A scorpion (D:4)
  2 howler monkeys
  A hound (D:4)
  2 orc wizards (D:4)
  A bullfrog skeleton (D:5)
  A centaur skeleton (D:4)
  An orc priest (D:3)
  An iguana (D:3)
  Ijyb (D:3)
  2 worker ants
  Robin (D:3)
  3 gnolls (D:3)
  7 adders
  4 worms
  A dart slug (D:1)
  2 leopard geckos
  11 orcs
  2 ball pythons
  4 giant cockroaches
  17 goblins
  15 hobgoblins
  6 jackals
  2 kobolds
  2 quokkas (D:3)
  5 bats
  A frilled lizard (D:5)
  A leopard gecko skeleton (D:4)
  A quokka skeleton (D:4)
  10 rats
110 creatures vanquished.

Vanquished Creatures (others)
  2 fulminant prisms (D:4)
2 creatures vanquished.

Grand Total: 112 creatures vanquished

Notes
Turn   | Place    | Note
-------+----------+-------------------------------------------
     0 | D:1      | poirepourri the Deep Elf Conjurer began the quest for the Orb.
     0 | D:1      | Reached XP level 1. HP: 10/10 MP: 6/6
   660 | D:1      | Reached XP level 2. HP: 15/15 MP: 5/8
   948 | D:1      | Reached skill level 5 in Conjurations
   993 | D:1      | Learned a level 2 spell: Searing Ray
  1736 | D:2      | Reached XP level 3. HP: 19/19 MP: 7/10
  1745 | D:2      | Found a hazy altar of Hepliaklqana.
  1942 | D:2      | Reached skill level 4 in Spellcasting
  1947 | D:2      | Learned a level 3 spell: Dazzling Spray
  2649 | D:3      | Reached XP level 4. HP: 24/24 MP: 9/12
  2967 | D:3      | Noticed Robin
  3040 | D:3      | Learned a level 4 spell: Fulminant Prism
  3141 | D:3      | Killed Robin
  3235 | D:3      | Reached skill level 5 in Spellcasting
  3548 | D:3      | Reached XP level 5. HP: 28/28 MP: 12/14
  3579 | D:3      | Noticed Ijyb
  3585 | D:3      | Killed Ijyb
  3975 | D:3      | Reached skill level 6 in Spellcasting
  4167 | D:4      | Found Asicimas's Magic Scroll Emporium.
  4173 | D:4      | Bought a scroll of identify for 22 gold pieces
  4181 | D:4      | Got a warped brass ring
  4190 | D:4      | Identified the ring "Biguma" {*Drain rElec rN+ Str+3} (You found it on level 4 of the Dungeon)
  4736 | D:4      | Found a hide-covered altar of Uskayaw.
  4804 | D:3      | Reached XP level 6. HP: 31/32 MP: 5/17
  5491 | D:4      | Reached skill level 7 in Spellcasting
  5847 | D:4      | Learned a level 4 spell: Iskenderun's Mystic Blast
  5853 | D:4      | Learned a level 5 spell: Iskenderun's Battlesphere
  5882 | D:4      | Found a radiant altar of Vehumet.
  6133 | D:5      | Entered Level 5 of the Dungeon
  6150 | D:5      | Reached XP level 7. HP: 36/36 MP: 14/20
  6308 | D:5      | Reached skill level 8 in Spellcasting
  6471 | D:5      | Reached skill level 9 in Spellcasting
  6640 | D:5      | Found an iron altar of Okawaru.
  6687 | D:5      | Mangled by an ice beast

Vault maps used:
D:1:      dpeg_arrival_ternary, serial_bayou, serial_bayou_pond_d,
          serial_bayou_shore_a, serial_bayou_pond_e, serial_bayou_pond_e,
          serial_bayou_shore_b, serial_bayou_lake_a
D:2:      nicolae_overflow_hidden_temple
D:3:      first_bread, uniq_robin, uniq_iyjb
D:4:      cheibrodos_greedy_goblins, vehumet_statue, kennysheep_little_box,
          serial_shops, nicolae_shop_temple_entry_statues_fountains
D:5:      okawaru_ov_weapons_minmay

Skill      XL: |  1  2  3  4  5  6  7 |
---------------+----------------------+-----
Conjurations   | 5 6 7 |  7.1
Spellcasting   | 4 5 6 7 9 |  9.0
Dodging        | 3 |  3.2
Fighting       | |  0.4
Stealth        | |  2.4

Action                   |  1- 3 |  4- 6 |  7- 9 || total
-------------------------+-------+-------+-------++-------
Melee: Short sword       |       |       |    13 ||    13
 Cast: Magic Dart        |    60 |   116 |    16 ||   192
       Searing Ray       |     6 |    20 |     3 ||    29
       Fulminant Prism   |       |     2 |       ||     2
       Iskenderun's Myst |       |     5 |     7 ||    12
  Use: Scroll            |     5 |     6 |     2 ||    13
       Potion            |     1 |     1 |     2 ||     4
  Eat: Bread ration      |     1 |     1 |       ||     2
       Meat ration       |     1 |       |       ||     1
       Royal jelly       |       |     2 |       ||     2
       Chunk             |       |       |     1 ||     1
Armor: Robe              |     4 |     9 |     8 ||    21
Dodge: Dodged            |     6 |    34 |    11 ||    51
